 Dungeon Crawl Stone Soup version 0.30.1-3-gfc49f6343a (webtiles) character file.

Game seed: 14553400078687443936

43710 coffeetime the Demonic Cataclysm (level 13, -30/103 HPs)
             Began as a Demonspawn Gladiator on July 25, 2023.
             Was a High Priest of Qazlal.
             Annihilated by a cane toad (39 damage)
             ... on level 5 of the Lair of Beasts.
             The game lasted 01:06:37 (18814 turns).

coffeetime the Demonic Cataclysm (DsGl)            Turns: 18814, Time: 01:06:38

Health: -30/103    AC: 18    Str: 31    XL:     13   Next: 92%
Magic:  22/22      EV:  2    Int: 10    God:    Qazlal [*****.]
Gold:   1003       SH:  0    Dex: 26    Spells: 7/12 levels left

rFire   . . .        F - +10 spear "Pees Coz" {flame, rN+ SInv}
rCold   . . .        I - +0 kite shield
rNeg    + . .        Z - +2 ring mail "Neoteorph" {rPois Str+5}
rPois   +            T - +1 helmet
rElec   +            E - +1 cloak
rCorr   .            (no gloves)
SInv    +            Y - +0 pair of boots {rampage}
Will    .....        f - amulet of Keez {Reflect rElec SH+5}
Stlth   ++           V - +6 ring of dexterity
HPRegen 0.37/turn    O - +6 ring of strength
MPRegen 0.18/turn

%: repel missiles, reflection, rampage
@: sleeping, protected from physical damage
A: claws 1, thin skeletal structure 3, demonic guardian 2, demonic magic 2
a: Renounce Religion, Upheaval, Elemental Force, Disaster Area


You were on level 5 of the Lair of Beasts.
You worshipped Qazlal.
Qazlal was extremely pleased with you.
You visited 3 branches of the dungeon, and saw 17 of its levels.
You also visited: Sewer.

You collected 1003 gold pieces.

Inventory:

Hand Weapons
 F - the +10 spear "Pees Coz" (weapon) {flame, rN+ SInv}
   (You found it on level 5 of the Dungeon)

   rN:        It protects you from negative energy.
   SInv:      It lets you see invisible.
Missiles
 d - 3 throwing nets
 e - 10 javelins (quivered)
 h - 27 poisoned darts
 t - 15 curare-tipped darts
Armour
 E - a +1 cloak (worn)
 I - a +0 kite shield (worn)
 T - a +1 helmet (worn)
 Y - a +0 pair of boots of rampaging (worn)
 Z - the +2 ring mail "Neoteorph" (worn) {rPois Str+5}
   (You found it on level 10 of the Dungeon)

   Str:       It affects your strength (+5).
   rPois:     It protects you from poison.
Jewellery
 f - the amulet of Keez (around neck) {Reflect rElec SH+5}
   (You took it off a boggart on level 10 of the Dungeon)

   [amulet of reflection]

   It reflects blocked missile attacks.
   rElec:     It insulates you from electricity.
   SH:        It affects your SH (+5).
 M - a ring of fire
 N - a ring of see invisible
 O - a +6 ring of strength (right claw)
 P - a ring of ice
 U - a ring of resist corrosion
 V - a +6 ring of dexterity (left claw)
Wands
 j - a wand of mindburst (3)
 k - a wand of digging (14)
 q - a wand of polymorph (8)
 y - a wand of flame (30)
 J - a wand of roots (11)
 L - a wand of light (15)
Scrolls
 a - 2 scrolls of immolation
 l - 2 scrolls of enchant weapon
 m - 8 scrolls of fog
 n - 2 scrolls of magic mapping
 o - 5 scrolls of poison
 p - a scroll of vulnerability {unknown}
 r - a scroll of blinking
 s - a scroll of brand weapon {unknown}
 v - 2 scrolls of teleportation
 G - 2 scrolls of torment {unknown}
 R - a scroll of acquirement {unknown}
 S - a scroll of fear {unknown}
Potions
 b - 4 potions of attraction
 c - 2 potions of haste
 g - a potion of berserk rage {unknown}
 i - 4 potions of curing
 u - a potion of resistance
 w - a potion of cancellation {unknown}
 x - 4 potions of ambrosia
 z - 3 potions of flight {unknown}
 B - 2 potions of heal wounds {unknown}
 C - a potion of experience {unknown}
 D - 4 potions of magic
 H - 3 potions of degeneration {unknown}
 K - a potion of mutation {unknown}
 Q - 3 potions of lignification {unknown}
Miscellaneous
 A - a box of beasts
 W - a lightning rod (4/4)
 X - a phantom mirror


   Skills:
 - Level 10.0 Fighting
 - Level 12.1(12.3) Polearms
 - Level 2.6(8.2) Staves
 - Level 1.7 Throwing
 - Level 10.1 Armour
 - Level 2.6 Dodging
 - Level 4.0 Shields
 - Level 5.0 Hexes
 - Level 4.0 Transmutations
 + Level 13.3 Invocations
 + Level 6.6 Evocations


You had 7 spell levels left.
You knew the following spells:

 Your Spells              Type           Power      Damage    Failure   Level
a - Yara's Violent Unrav  Hex/Tmut       4%         3d4       99%         5

Your spell library contained the following spells:

 Spells                   Type           Power      Damage    Failure   Level
 Apportation              Tloc           0%         N/A       67%         1
 Freeze                   Ice            0%         1d3       67%         1
 Necrotise                Necr           0%         1d4       67%         1
 Summon Small Mammal      Summ           0%         N/A       67%         1
 Inner Flame              Hex/Fire       5%         N/A       69%         3
 Frozen Ramparts          Ice            0%         1d1       95%         3
 Hailstorm                Conj/Ice       0%         3d3       95%         3
 Vhi's Electric Charge    Tloc/Air       0%         N/A       95%         3
 Flame Wave               Conj/Fire      0%         2d4       100%        4
 Sticky Flame             Conj/Fire      0%         2d3       100%        4
 Alistair's Intoxication  Tmut/Pois      2%         N/A       100%        5
 Arcjolt                  Conj/Air       0%         1d10      100%        5
 Plasma Beam              Fire/Air       0%         2x1d11    100%        6
 Enfeeble                 Hex            5%         N/A       100%        7


Dungeon Overview and Level Annotations

Branches:
Dungeon (11/15)            Temple (1/1) D:5            Lair (5/5) D:11
  Swamp (0/4) Lair:3       Spider (0/4) Lair:3        Sewer (visited)
  Slime: Lair:4-5       Orc: D:9-12

Altars:
Ashenzari
Cheibriados
Dithmenos
Fedhas
Gozag
Hepliaklqana
Kikubaaqudgha
Makhleb
Nemelex Xobeh
Okawaru
Qazlal
Ru
Sif Muna
Trog
Uskayaw
Vehumet
Wu Jian
Xom
Yredelemnul

Shops:
D:5 =

Annotations:
D:5 3 runed translucent doors, weedian's ghost, novice TrBe
D:7 4 runed translucent doors


Innate Abilities, Weirdness & Mutations

You have sharp fingernails.
You have an unnaturally thin skeletal structure. (Dex +6, Stealth+++)
A demonic guardian rushes to your aid.
Spells you cast may paralyse nearby enemies.


Message History

Qazlal accepts your kill.
You feel a bit more experienced.
The dream sheep ruffle their wool and motes of dream dust sparkle, to no effect.
The yak is engulfed in freezing vapours.
As you read the scroll of teleportation, it crumbles to dust.
You feel strangely unstable. The yak misses you.
The yak is engulfed in freezing vapours.
The dream sheep bites you.
The yak is engulfed in freezing vapours.
The dream sheep attacks as you move away!
The dream sheep bites you!
You feel more protected from physical attacks.
The yak is engulfed in freezing vapours.
The dream sheep are wreathed in dream dust.
You feel drowsy...
You fall asleep.
The yak gores you!!
You wake up.
* * * LOW HITPOINT WARNING * * *
A demonic guardian appears!
You feel more protected from physical attacks.
The yak is engulfed in freezing vapours.
Your rust devil hits the dream sheep.
Your rust devil corrodes the dream sheep!
Your surroundings suddenly seem different.
A dire elephant, a death yak and 2 dream sheep come into view.
The dream sheep bleats!
You hear an angry hiss.
The death yak bellows!
You hear a roar!
You hear a croak. x3; You hear an angry hiss.
A black mamba comes into view.
Unknown command.
Blink to where?
Press: ? - help, Dir - move target 2 cane toads come into view.
As you read the scroll of blinking, it crumbles to dust.
The cane toad gives a loud, deep croak!
You hear a trumpeting!
You hear an angry hiss.
You block the cane toad's attack.
The dream sheep shakes its wool and sparkles.
You feel drowsy...
You fall asleep.
The cane toad stings you but does no damage.
The cane toad stings you!!!
You die...

.# .. #..# ..#
.#...## .##
....#. #....
...P #..##
#○F.# #.F@#
#### .#...#
##... ##.#..##
#....#.§.Y..#
#..Y.......##
#Y☼.....#
#.....Y#...###
#.S#.#.#...#
#. #...# ##


You could see a dire elephant, a death yak, 2 cane toads and a dream sheep.

Vanquished Creatures
  Kirke (Lair:3)
  3 hydras
  A centaur warrior (D:9)
  3 boulder beetles
  A two-headed ogre (D:10)
  2 catoblepae (Lair:5)
  4 death yaks
  Sonja (D:11)
  A lindwurm (Lair:5)
  An orc knight (D:10)
  Pikel (D:5)
  2 deep elf pyromancers (D:10)
  2 wolf spiders (Lair:2)
  An oklob plant (Lair:3)
  A cyclops (D:11)
  6 black mambas
  5 elephants (Lair:5)
  A torpor snail (Lair:1)
  A gargoyle (D:9)
  4 cane toads
  4 rime drakes
  3 komodo dragons
  3 trolls
  A polar bear (Lair:2)
  4 blink frogs (Lair:3)
  7 dream sheep
  A slime creature (D:10)
  A centaur simulacrum (D:10)
  Sigmund (D:5)
  3 culicivoras (Lair:3)
  2 shadows
  32 yaks
  2 basilisks
  5 wyverns
  7 hogs (Lair:3)
  3 vampire mosquitoes
  3 steam dragons
  2 acid dragons
  3 swamp worms (Lair:3)
  10 water moccasins
  3 orc warriors
  An ogre (D:5)
  4 black bears
  A boggart (D:10)
  4 centaurs
  6 wolves
  2 phantoms (D:4)
  5 kobold brigands
  11 bullfrogs
  3 gnoll sergeants
  3 scorpions
  26 wights
  9 killer bees
  2 howler monkeys
  An oklob sapling (D:5)
  6 hounds
  Crazy Yiuf (D:5)
  An orc priest (D:9)
  2 jellies
  4 iguanas
  9 orc wizards
  5 hell rats (Lair:4)
  13 gnolls
  13 adders
  A shadow imp (D:7)
  3 white imps
  3 ufetubi
  5 worms
  3 dart slugs
  23 orcs
  14 ball pythons
  10 endoplasms
  14 giant cockroaches
  4 goblins
  6 hobgoblins
  13 kobolds
  8 quokkas
  3 bats
  8 frilled lizards
  2 rats (D:2)
  A butterfly (Lair:1)
395 creatures vanquished.

Vanquished Creatures (collateral kills)
  Fannar (Lair:3)
  2 boulder beetles (D:9)
  An unseen horror (D:10)
  A tyrant leech (Lair:3)
  A wyvern (D:9)
  5 yaks
  Menkaure (D:5)
  2 orc warriors (D:10)
  A centaur (D:8)
  2 bullfrogs
  A scorpion (D:7)
  A killer bee (D:7)
  A white imp (D:8)
20 creatures vanquished.

Vanquished Creatures (others)
  A wizard (D:9)
  A gnoll (D:8)
2 creatures vanquished.

Grand Total: 417 creatures vanquished

Notes
Turn   | Place    | Note
-------+----------+-------------------------------------------
     0 | D:1      | coffeetime the Demonspawn Gladiator began the quest for the
                  | Orb.
     0 | D:1      | Reached XP level 1. HP: 16/16 MP: 1/1
   377 | D:1      | Gained mutation: You have sharp fingernails. [demonic
                  | ancestry]
   377 | D:1      | Reached XP level 2. HP: 19/23 MP: 2/2
   846 | D:2      | Gained mutation: Spells you cast may paralyse adjacent
                  | enemies. [demonic ancestry]
   846 | D:2      | Reached XP level 3. HP: 29/30 MP: 3/3
   886 | D:2      | You fall into a shaft and drop 1 floor!
  1605 | D:2      | Reached XP level 4. HP: 35/38 MP: 4/4
  1694 | D:2      | Found a faded altar of an unknown god.
  2310 | D:4      | Found a glowing drain.
  2322 | Sewer    | Entered a sewer
  2341 | Sewer    | Reached skill level 5 in Fighting
  2403 | Sewer    | Gained mutation: A weak demonic guardian rushes to your
                  | aid. [demonic ancestry]
  2403 | Sewer    | Reached XP level 5. HP: 40/44 MP: 5/5
  2450 | Sewer    | Reached skill level 1 in Armour
  2694 | Sewer    | Gained mutation: A demonic guardian rushes to your aid.
                  | [demonic ancestry]
  2694 | Sewer    | Reached XP level 6. HP: 19/52 MP: 6/6
  3339 | D:4      | Found a blossoming altar of Fedhas.
  3737 | D:5      | Entered Level 5 of the Dungeon
  3753 | D:5      | Found a runed translucent gate.
  3754 | D:5      | Found a runed translucent gate.
  3754 | D:5      | Found a runed translucent gate.
  3767 | D:5      | Gained mutation: You have a somewhat thin skeletal
                  | structure. (Dex +2, Stealth+) [demonic ancestry]
  3767 | D:5      | Reached XP level 7. HP: 19/59 MP: 7/7
  3987 | D:5      | Found a staircase to the Ecumenical Temple.
  4028 | D:5      | Noticed weedian's ghost (novice TrBe)
  4055 | D:5      | Identified the +10 spear "Pees Coz" {flame, rN+ SInv}
  4086 | D:5      | Noticed Sigmund
  4135 | D:5      | Noticed Pikel
  4143 | D:5      | Killed Pikel
  4144 | D:5      | Reached skill level 5 in Armour
  4144 | D:5      | Gained mutation: You have a moderately thin skeletal
                  | structure. (Dex +4, Stealth++) [demonic ancestry]
  4144 | D:5      | Reached XP level 8. HP: 59/68 MP: 8/8
  4309 | D:5      | Noticed Menkaure
  4315 | D:5      | Killed Menkaure
  4316 | D:5      | Reached skill level 1 in Shields
  4543 | D:5      | Found a runed translucent door.
  4544 | D:5      | Noticed Crazy Yiuf
  4588 | D:5      | Found Mageuts's Jewellery Shoppe.
  4914 | D:5      | Killed Crazy Yiuf
  5013 | D:5      | Killed Sigmund
  5056 | Temple   | Entered the Ecumenical Temple
  5137 | Temple   | Became a worshipper of Qazlal Stormbringer
  5374 | D:6      | Found a burning altar of Makhleb.
  5464 | D:6      | Gained mutation: Spells you cast may paralyse nearby
                  | enemies. [demonic ancestry]
  5464 | D:6      | Reached XP level 9. HP: 74/74 MP: 9/9
  5613 | D:6      | Reached skill level 1 in Invocations
  5620 | D:6      | Reached skill level 2 in Invocations
  5860 | D:7      | Found a huge runed translucent gate.
  5861 | D:7      | Found a huge runed translucent gate.
  5862 | D:7      | Found a huge runed translucent gate.
  5863 | D:7      | Found a huge runed translucent gate.
  5863 | D:7      | Noticed a polar bear
  5863 | D:7      | Noticed a polar bear
  5863 | D:7      | Noticed a polar bear
  5863 | D:7      | Noticed a polar bear
  5864 | D:7      | Noticed a polar bear
  5879 | D:7      | Reached skill level 3 in Invocations
  6099 | D:7      | Reached skill level 4 in Invocations
  6102 | D:7      | Reached * piety under Qazlal
  6109 | D:7      | Reached skill level 5 in Invocations
  6117 | D:7      | Reached skill level 6 in Invocations
  6716 | D:8      | Reached skill level 7 in Invocations
  7012 | D:7      | Reached XP level 10. HP: 49/80 MP: 15/15
  7848 | D:8      | Reached ** piety under Qazlal
  7849 | D:8      | Reached skill level 8 in Invocations
  8582 | D:9      | Noticed a boulder beetle
  8616 | D:9      | Killed a boulder beetle
  8617 | D:9      | Reached skill level 9 in Invocations
  8918 | D:9      | Reached skill level 10 in Armour
  8921 | D:9      | Reached skill level 10 in Invocations
  9095 | D:9      | Reached skill level 1 in Polearms
  9116 | D:9      | Noticed a wizard
  9124 | D:9      | Killed a wizard
  9512 | D:9      | Noticed a boulder beetle
  9527 | D:9      | Killed a boulder beetle
  9528 | D:9      | Gained mutation: You have an unnaturally thin skeletal
                  | structure. (Dex +6, Stealth+++) [demonic ancestry]
  9528 | D:9      | Reached XP level 11. HP: 38/87 MP: 18/18
  9781 | D:9      | Noticed a centaur warrior
  9795 | D:9      | Killed a centaur warrior
 10574 | D:10     | Entered Level 10 of the Dungeon
 10791 | D:10     | Noticed a deep elf pyromancer
 10791 | D:10     | Noticed an orc knight
 10852 | D:10     | Reached skill level 5 in Polearms
 11017 | D:9      | Reached skill level 10 in Fighting
 11181 | D:9      | Learned a level 5 spell: Yara's Violent Unravelling
 11210 | D:10     | Reached *** piety under Qazlal
 11240 | D:10     | Reached skill level 1 in Hexes
 11455 | D:10     | Identified the +0 robe "Eguliagh" {rElec rC+}
 11464 | D:10     | Found an opulent altar of Gozag.
 11483 | D:10     | Noticed a two-headed ogre
 11502 | D:10     | Killed a two-headed ogre
 11889 | D:10     | Killed a deep elf pyromancer
 12065 | D:10     | Killed an orc knight
 12363 | D:10     | Noticed a deep elf pyromancer
 12378 | D:10     | Killed a deep elf pyromancer
 12477 | D:10     | Reached skill level 5 in Hexes
 12562 | D:10     | Identified the +2 ring mail "Neoteorph" {rPois Str+5}
 12616 | D:10     | Identified the amulet of Keez {Reflect rElec SH+5}
 12619 | D:10     | Reached XP level 12. HP: 97/97 MP: 19/19
 12809 | D:11     | Noticed a boulder beetle
 12833 | D:11     | Reached skill level 1 in Transmutations
 13058 | D:11     | Killed a boulder beetle
 13297 | D:11     | Reached **** piety under Qazlal
 13393 | D:11     | Found a sacrificial altar of Ru.
 13458 | D:11     | Noticed Sonja
 13462 | D:11     | Killed Sonja
 13585 | D:11     | Found a staircase to the Lair.
 14170 | Lair:1   | Entered Level 1 of the Lair of Beasts
 14170 | Lair:1   | Noticed a death yak
 14181 | D:11     | Killed a death yak
 15190 | Lair:2   | Reached skill level 10 in Polearms
 15908 | Lair:3   | Found a staircase to the Swamp.
 15935 | Lair:3   | Noticed Kirke
 16009 | Lair:3   | Reached skill level 11 in Invocations
 16022 | Lair:3   | Reached XP level 13. HP: 85/103 MP: 21/21
 16431 | Lair:3   | Found a hole to the Spider Nest.
 16557 | Lair:3   | Noticed Fannar
 16570 | Lair:3   | Killed Fannar
 16571 | Lair:3   | Reached skill level 12 in Invocations
 16758 | Lair:3   | Found a transporter.
 16758 | Lair:3   | Found a transporter.
 17067 | Lair:3   | Killed Kirke
 17068 | Lair:3   | Reached skill level 1 in Evocations
 18278 | Lair:5   | Entered Level 5 of the Lair of Beasts
 18289 | Lair:4   | Reached ***** piety under Qazlal
 18338 | Lair:5   | Reached skill level 5 in Evocations
 18455 | Lair:5   | Reached skill level 13 in Invocations
 18647 | Lair:5   | Found a hide-covered altar of Uskayaw.
 18647 | Lair:5   | Found an ornate altar of the Wu Jian Council.
 18813 | Lair:5   | Noticed a dire elephant
 18814 | Lair:5   | Annihilated by a cane toad

Illustrated notes

Levels and vault maps discovered:
D:1:      mainiacjoe_arrival_reflecting_pool, layout_loops_ring,
          chequers_arboretum
D:2:      layout_loops_ring, serial_glass, glass_columns_b, glass_columns_b,
          ebering_ecumenical_altar_box, grunt_ministairs_7, dk_noncrumbling_4
D:3:      layout_basic
D:4:      layout_loops_corners, old_standard_altar, gup_sewer_entry_pipe
D:5:      layout_loops_ring, minmay_temple_entry_oklob,
          gammafunk_ghost_necromancy, serial_shops,
          nicolae_shop_just_a_little_nook, uniq_pikel, uniq_sigmund,
          uniq_menkaure, uniq_crazy_yiuf_cottage
D:6:      layout_rooms, mainiacjoe_overflow_catwalk, minivault_24
D:7:      lemuel_bear_cage, layout_rooms
D:8:      layout_rooms
D:9:      layout_gridville, minmay_misc_feat_pillars, serial_bayou_pond_c,
          nzn_random_ring
D:10:     minmay_the_grid_triangle_9x9_recursive_2
          [minmay_the_grid_triangle_9x9_prize_center,
          minmay_the_grid_triangle_9x9_sparse_checkered,
          minmay_the_grid_triangle_9x9_impossible_snake,
          minmay_the_grid_triangle_9x9_alien], layout_irregular_city,
          grunt_gozag_statues, st_stairs_4
D:11:     layout_cave_pods, due_lair_maze_entry_diamond,
          nicolae_ru_path_of_blood, uniq_sonja
Temple:   compressed_dpeg_triangle_lava_temple
Lair:1:   layout_roguey, serial_bayou_shore_b, lemuel_fruit_fields,
          serial_bayou_shore_b, infiniplex_staircase_pool
Lair:2:   layout_misc_corridors, nicolae_lair_run_with_the_wolves
Lair:3:   gammafunk_boulding_lane, layout_regular_city,
          minmay_swamp_entry_worms, hellmonk_spider_entry_life_and_decay,
          serial_bayou_pond_d, uniq_fannar, uniq_kirke
Lair:4:   layout_cellular_growth
Lair:5:   hangedman_lair_in_review, layout_misc_corridors,
          guppyfry_lair_end_dragon, minmay_slime_entry_oklob_enclosed,
          nzn_masters_of_martial_movement

Skill      XL: |  1  2  3  4  5  6  7  8  9 10 11 12 13 |
---------------+----------------------------------------+-----
Fighting       | 3 4 5 6 7 8 10 | 10.0
Armour         | 2 3 5 6 8 10 | 10.1
Shields        | 3 4 |  4.0
Invocations    | 7 10 11 13 | 13.3
Polearms       | 3 7 10 12 | 12.1
Hexes          | 5 |  5.0
Transmutations | 4 |  4.0
Evocations     | 6 |  6.6
Staves         | |  2.6
Throwing       | |  1.7
Dodging        | |  2.6

Action                     |  1- 3 |  4- 6 |  7- 9 | 10-12 | 13-15 || total
---------------------------+-------+-------+-------+-------+-------++-------
  Melee: Quarterstaff      |    96 |   203 |    17 |       |       ||   316
         Spear             |       |       |   207 |   710 |   326 ||  1243
  Throw: Javelin           |     1 |       |       |     6 |       ||     7
         Stone             |       |       |    10 |     3 |       ||    13
         Dart              |       |       |       |    13 |       ||    13
 Invoke: Upheaval          |       |       |       |     3 |       ||     3
         Elemental Force   |       |       |       |       |     1 ||     1
  Evoke: Wand              |       |       |     3 |     5 |     2 ||    10
         Tin of tremorston |       |       |       |     1 |       ||     1
    Use: Scroll            |       |     4 |     3 |     4 |     9 ||    20
         Potion            |       |     1 |       |     1 |     1 ||     3
   Stab: Sleeping          |       |       |     8 |       |       ||     8
         Invisible         |       |       |       |     1 |     2 ||     3
 Armour: Leather armour    |    16 |       |       |       |       ||    16
         Ring mail         |    10 |   117 |    72 |   109 |    30 ||   338
  Dodge: Dodged            |    66 |   145 |    99 |   186 |    35 ||   531
         Repelled          |       |       |       |       |     5 ||     5
  Block: Buckler           |       |       |    47 |    48 |       ||    95
         Kite shield       |       |       |       |   347 |   139 ||   486
         Reflection        |       |       |       |     8 |     1 ||     9
